 Dungeon Crawl Stone Soup version 0.23-a0-359-g9beedce (webtiles) character file.

5023 Amnesiac the Covert (level 10, -5/63 HPs)
             Began as a Vampire Earth Elementalist on Oct 23, 2018.
             Was a Believer of Ashenzari.
             Shot with a bolt by an orc warrior (22 damage)
             ... in a bailey.
             The game lasted 00:28:09 (9907 turns).

Amnesiac the Covert (Vampire Earth Elementalist)    Turns: 9907, Time: 00:28:10

Health: -5/63      AC:  4    Str: 13    XL:     10   Next: 30%
Magic:  0/20       EV: 11    Int: 19    God:    Ashenzari [**....]
Gold:   293        SH:  8    Dex: 20    Spells: 11/23 levels left

rFire    . . .     SeeInvis +   a - +0 dagger (speed)
rCold    + + .     Gourm    .   x - -2 shield (curse)
rNeg     + + +     Faith    .   C - +0 robe of the Desolation of Salt {MR+ rCorr Str+4}
rPois    ∞         Spirit   +   (no helmet)
rElec    .         Reflect  .   (no cloak)
rCorr    +         Harm     .   w - +0 pair of gloves "Tirr" {rN+ Str+2 Dex+3}
MR       ++...                  u - +0 pair of boots
Stlth    +++++++...             A - amulet of guardian spirit
HPRegen  0.00/turn              (no ring)
MPRegen  0.17/turn              (no ring)

@: very slightly contaminated, bloodless, non-regenerating
A: fangs 3, see invisible, unbreathing
a: Bat Form, Curse Item, Scrying, Renounce Religion


You were in a bailey.
You worshipped Ashenzari.
Ashenzari was pleased with you.
You were bloodless.

You visited 2 branches of the dungeon, and saw 9 of its levels.
You also visited: Bailey.

You collected 293 gold pieces.

Inventory:

Hand Weapons
 a - a +0 dagger of speed (weapon)
 b - a +0 blowgun
Missiles
 c - 20 arrows
 f - 93 stones (quivered)
 h - 11 tomahawks
 i - 2 javelins
 p - 30 poisoned needles
Armour
 u - a +0 pair of boots (worn)
 w - the +0 pair of gloves "Tirr" (worn) {rN+ Str+2 Dex+3}
   (You found it on level 4 of the Dungeon)

   It affects your strength (+2).
   It affects your dexterity (+3).
   It protects you from negative energy.
 x - a cursed -2 shield (worn)
 C - the +0 robe of the Desolation of Salt (worn) {MR+ rCorr Str+4}
   (You found it on level 7 of the Dungeon)

   It affects your strength (+4).
   It affects your resistance to hostile enchantments.
   It provides partial protection from all sources of acid and corrosion.
Jewellery
 A - an amulet of guardian spirit (around neck)
 E - a +3 ring of dexterity
Wands
 q - a wand of acid (6)
 r - a wand of iceblast (13)
 y - a wand of enslavement (8)
Scrolls
 e - 2 scrolls of fog {!r, unknown}
 g - 3 scrolls of amnesia {!r, unknown}
 k - a scroll of acquirement {!r, unknown}
 l - a scroll of blinking {!r, unknown}
 m - 4 scrolls of random uselessness {!r, unknown}
 n - 3 scrolls of remove curse {!r}
 o - a scroll of enchant weapon {!r, unknown}
 t - a scroll of teleportation {!r, unknown}
 v - a scroll of immolation {!r, unknown}
 B - a scroll of fear {!r}
 F - a scroll of identify {!r}
Potions
 d - 24 potions of blood {!q}
 j - 2 potions of curing {!q}
 s - a potion of lignification {!q}
 z - a potion of brilliance {!q}
 D - a potion of flight {!q}


   Skills:
 - Level 10.0 Short Blades
 - Level 2.1 Dodging
 - Level 10.0 Stealth
 + Level 4.5(5.9) Shields
 - Level 7.0 Spellcasting
 - Level 5.0 Transmutations
 - Level 9.0 Earth Magic


You had 11 spell levels left.
You knew the following spells:

 Your Spells              Type           Power        Failure   Level  Hunger
a - Sandblast             Erth           #####.       1%          1    None
b - Passwall              Tmut/Erth      ####....     2%          2    None
d - Lee's Rapid Deconstr  Erth           #####.....   22%         5    #####..
e - Petrify               Tmut/Erth      ####....     19%         4    ###....

Your spell library contained the following spells:

 Spells                   Type           Power        Failure   Level  Hunger
 Stone Arrow              Conj/Erth      ###...       16%         3    #......


Dungeon Overview and Level Annotations

Branches:
Dungeon (8/15)             Temple (1/1) D:4            Lair (0/6) D:8

Altars:
Ashenzari
Dithmenos
Elyvilon
Gozag
Hepliaklqana
Kikubaaqudgha
Makhleb
Nemelex Xobeh
Okawaru
Qazlal
Ru
Sif Muna
Trog
Uskayaw
Vehumet
Xom
Yredelemnul
Zin

Annotations:
D:8 Erica Bailey 1 exclusion


Innate Abilities, Weirdness & Mutations

You do not heal naturally.
You are immune to poison.
You have razor-sharp teeth.
You have supernaturally acute eyesight. (SInv)
You can survive without breathing.


Message History

You miscast Lee's Rapid Deconstruction.
You are very lightly contaminated with residual magic.
You hear a distant rumble.
The orc warrior shoots a bolt.
The bolt hits you!
You hear a shout!
The orc warrior shoots a bolt.
The bolt closely misses you.
You start resting.
One of your 25 potions of blood {!q} rots away.
You start resting.
Your magical contamination has completely faded away.
You start resting.
Magic restored.
Casting: Lee's Rapid Deconstruction (quite dangerous; 22% risk of failure)
Confirm with . or Enter, or press ? or * to list all spells.
Aiming: Lee's Rapid Deconstruction (quite dangerous; 22% risk of failure)
Press: ? - help, Dir - move target cursor, f - you You cannot affect that.
Okay, then.
Casting: Lee's Rapid Deconstruction (quite dangerous; 22% risk of failure)
Confirm with . or Enter, or press ? or * to list all spells.
Aiming: Lee's Rapid Deconstruction (quite dangerous; 22% risk of failure)
Press: ? - help, Dir - move target cursor A stone wall.
The wall shatters!
You start resting.
The orc is too close now for your liking.
Casting: Lee's Rapid Deconstruction (quite dangerous; 22% risk of failure)
Confirm with . or Enter, or press ? or * to list all spells.
Aiming: Lee's Rapid Deconstruction (quite dangerous; 22% risk of failure)
Press: ? - help, Dir - move target cursor A stone wall.
You miscast Lee's Rapid Deconstruction.
You are very lightly contaminated with residual magic.
You momentarily stiffen.
The orc shoots a bolt.
The bolt barely misses you.
Casting: Lee's Rapid Deconstruction (quite dangerous; 22% risk of failure)
Confirm with . or Enter, or press ? or * to list all spells.
Aiming: Lee's Rapid Deconstruction (quite dangerous; 22% risk of failure)
Press: ? - help, Dir - move target cursor A stone wall.
The wall shatters!
The blast of rock fragments hits the orc.
The orc is almost dead.
The orc shoots a bolt.
You block the bolt.
An orc is nearby!
Casting: Lee's Rapid Deconstruction (quite dangerous; 22% risk of failure)
Confirm with . or Enter, or press ? or * to list all spells.
You don't have enough magic to cast that spell.
Unknown command.
The orc shoots a bolt.
The bolt closely misses you.
The orc warrior shouts!
The orc warrior shoots a bolt.
The bolt hits you!
* * * LOW HITPOINT WARNING * * *
You see here a bolt.
The orc shoots a bolt.
You block the bolt.
Casting: Lee's Rapid Deconstruction (quite dangerous; 22% risk of failure)
Confirm with . or Enter, or press ? or * to list all spells.
Aiming: Sandblast (safe; 1% risk of failure)
Press: ? - help, Shift-Dir - straight line, f - orc
Aim: an orc, wielding an arbalest and wearing a ring mail (almost dead)
The blast of sand hits the orc.
You kill the orc!
f - 93 stones The orc warrior shoots a bolt.
The bolt hits you!!
You die...

, ≈ , , ,
#......≈≈ ≈≈.
#......≈# .##≈.. ,
#......≈) ^..≈..
#......≈##.∩#≈o.
#......≈≈#)#≈≈...
#.......≈≈≈≈≈....
*
#...............#
#......@.......# *
#.......(......#,
,
#......(......##,*
#.............# ,
, #.....((......#
,*** *
#.............#*,
, *
#......)......## *
+*
#..............#,
∩ ∩*
#..............##
++


You could see an orc warrior.

Vanquished Creatures
  Harold (D:7)
  Pikel (D:4)
  A meliai (D:6)
  The ghost of Soeti the Stinger, an amateur OpVM (D:6)
  5 orc warriors
  2 slaves (D:4)
  An ice beast (D:6)
  A black bear (D:6)
  A sky beast (D:8)
  3 ogres
  2 centaurs
  A big kobold (D:8)
  2 bullfrogs
  A scorpion (D:8)
  3 killer bees (D:7)
  4 wights
  3 howler monkeys (D:7)
  4 crimson imps (D:7)
  A centaur zombie (D:6)
  2 bullfrog zombies (D:6)
  4 hounds
  An orc priest (D:6)
  2 jellies
  An iguana (D:4)
  4 orc wizards
  5 worker ants
  A hound skeleton (D:4)
  A howler monkey zombie (D:5)
  9 gnolls
  5 adders
  A white imp (D:7)
  An ooze (D:6)
  2 adder skeletons
  3 worms
  4 leopard geckos
  25 orcs
  2 ball pythons
  7 giant cockroaches
  5 goblins
  6 hobgoblins
  19 jackals
  11 kobolds
  A quokka (D:8)
  8 bats
  3 frilled lizards
  2 jackal skeletons
  A jackal zombie (D:6)
  A leopard gecko skeleton (D:4)
  A quokka skeleton (D:5)
  2 quokka zombies (D:5)
  6 rats
  A bush (D:4)
185 creatures vanquished.

Vanquished Creatures (others)
  An orc wizard (D:8)
  A plant (D:4)
2 creatures vanquished.

Grand Total: 187 creatures vanquished

Notes
Turn   | Place    | Note
-------+----------+-------------------------------------------
     0 | D:1      | Amnesiac the Vampire Earth Elementalist began the quest for
                  | the Orb.
     0 | D:1      | Reached XP level 1. HP: 13/13 MP: 3/3
    70 | D:1      | Reached XP level 2. HP: 14/19 MP: 3/5
    87 | D:1      | Learned a level 2 spell: Passwall
   470 | D:1      | Reached XP level 3. HP: 20/24 MP: 0/6
  1770 | D:2      | Reached XP level 4. HP: 23/30 MP: 8/8
  1779 | D:2      | Learned a level 4 spell: Petrify
  3242 | D:3      | Reached skill level 1 in Short Blades
  3278 | D:4      | Found a hazy altar of Hepliaklqana.
  3366 | D:4      | Found a staircase to the Ecumenical Temple.
  3380 | Temple   | Entered the Ecumenical Temple
  3505 | Temple   | Became a worshipper of Ashenzari the Shackled
  3928 | D:4      | Found a stormy altar of Qazlal.
  4029 | D:4      | Reached XP level 5. HP: 16/35 MP: 1/9
  4212 | D:4      | Got the uncursed pair of gloves "Tirr" {rN+ Str+2 Dex+3}
  4223 | D:4      | Identified the +0 pair of gloves "Tirr" {rN+ Str+2 Dex+3}
                  | (You found it on level 4 of the Dungeon)
  4314 | D:4      | Found a glowing silver altar of Zin.
  4354 | D:4      | Noticed Pikel
  4354 | D:4      | Noticed a slave
  4355 | D:4      | Noticed a slave
  4463 | D:5      | Entered Level 5 of the Dungeon
  4610 | D:5      | Found a bloodstained altar of Trog.
  4838 | D:4      | Noticed a slave
  4883 | D:4      | Noticed a slave
  4902 | D:4      | Killed a slave
  5019 | D:4      | Killed a slave
  5088 | D:4      | Killed Pikel
  5088 | D:4      | Reached skill level 5 in Transmutations
  5088 | D:4      | Reached XP level 6. HP: 38/41 MP: 5/13
  5088 | D:4      | Reached XP level 7. HP: 43/46 MP: 5/14
  5429 | D:4      | Reached XP level 8. HP: 52/52 MP: 14/18
  5436 | D:4      | Learned a level 5 spell: Lee's Rapid Deconstruction
  6617 | D:6      | Noticed a meliai
  6647 | D:6      | Found a shattered altar of Ashenzari.
  6662 | D:6      | Found a transporter.
  6662 | D:6      | Noticed Soeti's ghost (amateur OpVM)
  6666 | D:6      | Found a transporter.
  6750 | D:6      | Found an iron altar of Okawaru.
  6865 | D:6      | Found a white marble altar of Elyvilon.
  6875 | D:6      | Reached * piety under Ashenzari
  7043 | D:6      | Reached XP level 9. HP: 35/57 MP: 14/19
  7309 | D:7      | Found a shadowy altar of Dithmenos.
  7483 | D:7      | Reached skill level 1 in Shields
  7770 | D:7      | Noticed Harold
  7789 | D:7      | Killed Harold
  8148 | D:7      | Got the uncursed robe of the Desolation of Salt {MR+ rCorr
                  | Str+4}
  8169 | D:7      | Reached skill level 10 in Stealth
  8170 | D:7      | Reached skill level 10 in Short Blades
  8323 | D:7      | Found an opulent altar of Gozag.
  8727 | D:6      | Killed a meliai
  8727 | D:6      | Reached XP level 10. HP: 42/63 MP: 15/20
  8737 | D:6      | Killed Soeti's ghost
  8765 | D:6      | Identified the +0 robe of the Desolation of Salt {MR+ rCorr
                  | Str+4} (You found it on level 7 of the Dungeon)
  8946 | D:8      | Reached ** piety under Ashenzari
  8950 | D:8      | Found a staircase to the Lair.
  9200 | D:8      | Found a flagged portal.
  9274 | D:8      | Noticed Erica
  9480 | Bailey   | Identified a paperback manual
  9480 | Bailey   | Entered a bailey
  9907 | Bailey   | Shot with a bolt by an orc warrior

Vault maps used:
D:1:      minmay_arrival_plants_in_alcoves, minmay_pentomino_u2
D:2:      minitemple, minmay_misc_feat_four_crosses, grunt_ministairs_3
D:4:      lemuel_doored_altar, nicolae_overflow_hidden_temple,
          minmay_temple_entry_statues_fountains, serial_forest,
          infiniplex_forest_end_2, infiniplex_forest_clump_tiny,
          infiniplex_forest_clump_small, infiniplex_forest_straight_3,
          infiniplex_forest_clump_small, infiniplex_forest_pool,
          infiniplex_forest_lined_1, infiniplex_forest_clump_small,
          nicolae_qazlal_general_emergency, uniq_pikel
D:5:      bloody_trog, first_ration
D:6:      okawaru_metal_pillars_1_2, lemuel_crystal_altar, basic_altar,
          gammafunk_ghost_arena
D:7:      overflow_temple_1_default, kennysheep_mini_moat, kennysheep_donut,
          minmay_fire_ice_demons, uniq_harold
D:8:      minmay_distorted_concentric_squares, marbit_many_paths,
          dpeg_oklobed_lair, lightli_bailey_entry_fortress, uniq_erica
Temple:   dpeg_chambers_temple
Bailey:   bailey_polearm_2, bailey

Skill      XL: |  1  2  3  4  5  6  7  8  9 10 |
---------------+-------------------------------+-----
Stealth        | 4 8 9 10 | 10.0
Transmutations | 2 5 |  5.0
Short Blades   | 1 3 8 9 10 | 10.0
Spellcasting   | 3 4 6 7 |  7.0
Earth Magic    | 4 8 9 |  9.0
Shields        | 2 4 |  4.5
Dodging        | |  2.1

Action                   |  1- 3 |  4- 6 |  7- 9 | 10-12 || total
-------------------------+-------+-------+-------+-------++-------
Melee: Unarmed           |    15 |       |       |       ||    15
       Spear             |   110 |   161 |   180 |       ||   451
       Bite              |     6 |    21 |    54 |    10 ||    91
       Dagger            |       |    50 |    93 |    95 ||   238
 Fire: Blowgun           |       |       |    32 |       ||    32
Throw: Javelin           |    10 |       |       |       ||    10
       Tomahawk          |    18 |       |       |       ||    18
       Stone             |     2 |       |       |       ||     2
 Cast: Sandblast         |    17 |    24 |    38 |    30 ||   109
       Passwall          |       |     5 |    11 |     2 ||    18
       Petrify           |       |     8 |    23 |    21 ||    52
       Lee's Rapid Decon |       |       |     1 |     9 ||    10
 Abil: End Transformatio |       |     1 |       |       ||     1
       Bat Form          |       |     1 |       |       ||     1
  Use: Potion            |     1 |    15 |     1 |     1 ||    18
       Scroll            |       |       |     3 |     3 ||     6
 Stab: Distracted        |     2 |     1 |       |     1 ||     4
       Sleeping          |     4 |     5 |    13 |     3 ||    25
       Petrified         |       |    14 |    11 |    11 ||    36
       Petrifying        |       |       |     9 |     3 ||    12
Armor: Robe              |    32 |    32 |    18 |    16 ||    98
Dodge: Dodged            |   152 |   185 |    29 |    48 ||   414
Block: Shield            |       |       |    12 |    43 ||    55

Table legend:
 A = Non-vault XP
 B = Vault XP
 C = Vault XP percentage of total XP
 D = Non-vault monster count
 E = Vault monster count
 F = Vault count percentage of total count
                 A         B        C        D         E       F
            +---------+---------+-------+---------+---------+-------
      Total |    3406 |    2775 |  44.9 |     151 |      32 |  17.5
            +---------+---------+-------+---------+---------+-------
        D:1 |      94 |      14 |  13.0 |      38 |       1 |   2.6
        D:2 |      27 |       6 |  18.2 |      14 |       2 |  12.5
        D:3 |      23 |       0 |   0.0 |       6 |       0 |   0.0
        D:4 |     159 |     673 |  80.9 |      11 |       1 |   8.3
        D:5 |     494 |       0 |   0.0 |      23 |       0 |   0.0
        D:6 |     539 |     671 |  55.5 |      14 |       5 |  26.3
        D:7 |    1264 |    1028 |  44.9 |      22 |       3 |  12.0
        D:8 |     806 |      83 |   9.3 |      23 |       7 |  23.3
     Bailey |       0 |     300 | 100.0 |       0 |      13 | 100.0
            +---------+---------+-------+---------+---------+-------
